 Dungeon Crawl Stone Soup version 0.28-a0-1199-gef9e1dbd39 (webtiles) character file.

Game seed: 9392045445203199346

1974 wakim the Grappler (level 9, -14/81 HPs)
             Began as a Ghoul Monk on Dec 19, 2021.
             Was a Follower of Makhleb.
             Demolished by a two-headed ogre (22 damage)
             ... on level 6 of the Dungeon.
             The game lasted 00:26:30 (6810 turns).

wakim the Grappler (Ghoul Monk)                     Turns: 6810, Time: 00:26:30

Health: -14/81     AC:  7    Str: 17    XL:     9   Next: 20%
Magic:  8/8        EV: 12    Int:  5    God:    Makhleb [*.....]
Gold:   318        SH:  0    Dex: 13    Spells: 8/8 levels left

rFire   . . .      SeeInvis .     - Unarmed
rCold   + + .      Faith    .   (no shield)
rNeg    + + +      Spirit   .   o - +3 leather armour {rC+}
rPois   ∞          Reflect  .   f - +1 hat
rElec   .          Harm     .   (no cloak)
rCorr   .          Rampage  .   (no gloves)
Will    .....                   (no boots)
Stlth   ++........              (no amulet)
HPRegen 0.00/turn               U - +4 ring of slaying
MPRegen 0.11/turn               (no ring)

@: inhibited regen
A: claws 1, cold resistance 1, negative energy resistance 3, inhibited
regeneration, torment resistance 2
a: Renounce Religion


You were on level 6 of the Dungeon.
You worshipped Makhleb.
Makhleb was aware of your devotion.
You visited 2 branches of the dungeon, and saw 8 of its levels.

You collected 318 gold pieces.

Inventory:

Missiles
 j - 3 poisoned darts (quivered)
 k - 4 silver javelins
 Z - a throwing net {=f!f}
Armour
 f - a +1 hat (worn)
 o - a +3 leather armour of cold resistance (worn)
 X - a +0 tower shield
Jewellery
 h - a ring of ice
 U - a +4 ring of slaying (left claw)
Wands
 x - a wand of iceblast (9)
 y - a wand of paralysis (8)
Scrolls
 R - a scroll of torment {unknown}
 S - a scroll of enchant armour {unknown}
 T - 12 scrolls of teleportation
 W - a scroll of acquirement {unknown}
 Y - a scroll of amnesia {unknown}
Potions
 e - a potion of haste {unknown}
 l - a potion of resistance {unknown}
 V - a potion of lignification {unknown}


   Skills:
 + Level 8.0 Fighting
 - Level 3.5 Dodging
 - Level 2.1 Stealth
 + Level 10.6 Unarmed Combat
 * Level 1.2 Invocations


You had 8 spell levels left.
You didn't know any spells.
Your spell library contained the following spells:

 Spells                   Type           Power      Damage    Failure   Level
 Magic Dart               Conj           0%         1d3       54%         1
 Call Imp                 Summ           0%         N/A       69%         2
 Ensorcelled Hibernation  Hex/Ice        0%         N/A       69%         2
 Dazzling Flash           Conj/Hex       0%         N/A       89%         3
 Mephitic Cloud           Conj/Pois/Air  0%         N/A       89%         3
 Iskenderun's Mystic Bla  Conj/Tloc      0%         2d3       100%        4
 Starburst                Conj/Fire      0%         6d3       100%        6
 Spider Form              Tmut/Pois      Unusable   N/A       N/A         3

Dungeon Overview and Level Annotations

Branches:
Dungeon (7/15)             Temple (1/1) D:6

Altars:
Cheibriados
Dithmenos
Fedhas
Gozag
Makhleb
Nemelex Xobeh
Okawaru
Qazlal
Sif Muna
Trog
Uskayaw
Vehumet
Wu Jian
Xom
Yredelemnul
Zin
The Shining One

Annotations:
D:3 1 runed translucent door, 1 exclusion, Crazy Yiuf, Sigmund
D:4 1 runed translucent door, Yorgos's ghost, novice DjBe
D:7 Maggie


Innate Abilities, Weirdness & Mutations

You thrive by killing the living.
You are immune to poison.
You have sharp fingernails.
Your flesh is cold resistant. (rC+)
You are immune to negative energy. (rN+++)
You do not regenerate when monsters are visible.
You are immune to unholy pain and torment.


Message History

The poisoned dart hits the two-headed ogre.
The two-headed ogre looks even sicker.
The two-headed ogre is lightly wounded.
You throw a poisoned dart.
The poisoned dart hits the two-headed ogre.
The two-headed ogre looks even sicker.
You throw a poisoned dart.
The poisoned dart hits the two-headed ogre.
The two-headed ogre looks as sick as possible!
The two-headed ogre is lightly wounded.
You throw a poisoned dart.
The poisoned dart hits the two-headed ogre.
The two-headed ogre is lightly wounded.
The two-headed ogre hits you with a +0 giant spiked club!
The two-headed ogre hits you with a +0 giant club!
You mangle the two-headed ogre!!
The two-headed ogre is heavily wounded.
You barely miss the two-headed ogre.
The two-headed ogre is heavily wounded.
The two-headed ogre closely misses you.
The two-headed ogre hits you with a +0 giant club!!
* * * LOW HITPOINT WARNING * * *
You claw the two-headed ogre!
The two-headed ogre is severely wounded.
Maggie the Vainglorious comes into view.
She is wielding a +2 broad axe of flaming and carrying a wand of charming (8).
There is a stone staircase leading up here.
You see here a scroll of holy word {!r}.
The two-headed ogre hits you with a +0 giant spiked club!!
* * * LOW HITPOINT WARNING * * *
The two-headed ogre barely misses you.
You climb upwards.
There is a stone staircase leading down here.
Throw: 4 darts (poison)
Press: ? - help, Q - select action, (/) - cycle Shift-Dir - straight line, f - two-headed ogre
Aim: a two-headed ogre, wielding a +0 giant spiked club and a +0 giant club (severely wounded, poisoned, 79% to hit)
You throw a poisoned dart.
The poisoned dart hits the two-headed ogre.
The two-headed ogre is severely wounded.
The two-headed ogre hits you with a +0 giant spiked club!!
You die...

#......)....#######...##...##....
.....).##...# #.................
....)..##...## #.................
(............###..⌠8.............
....<........##............##....
#............##.>.⌠8..##...######
#....>......###......#####'##....
............#####.⌠8...#.........
...............O@......#.........
.......####+##.[.......#...##....
'########...##.........#...##....
.......#+..............#.........
.......##..............#.........
.......##....^...##...##...##....
###....##...##...##...#######....
##...##...##...##........##....
#...##...##....#.........#....


You could see a two-headed ogre (poisoned).

Vanquished Creatures
  Pikel (D:4)
  Menkaure (D:6)
  An ice beast (D:6)
  A black bear (D:6)
  3 ogres
  A centaur (D:5)
  2 lemures (D:4)
  2 scorpions (D:4)
  A water moccasin zombie (D:5)
  A bullfrog zombie (D:6)
  A centaur zombie (D:6)
  A jelly (D:5)
  A gnoll shaman (D:5)
  An orc priest (D:6)
  2 hounds
  3 iguanas
  2 scorpion zombies (D:4)
  2 orc wizards
  A killer bee zombie (D:5)
  3 hound zombies
  4 gnolls
  11 adders
  2 ufetubi (D:5)
  An adder zombie (D:4)
  An adder skeleton (D:4)
  4 worms
  A dart slug (D:2)
  8 orcs
  6 endoplasms
  4 giant cockroaches
  A goblin (D:2)
  9 hobgoblins
  4 jackals
  4 quokkas
  6 ball pythons
  2 bats
  A frilled lizard (D:1)
  5 kobolds
  5 rats
110 creatures vanquished.

Notes
Turn   | Place    | Note
-------+----------+-------------------------------------------
     0 | D:1      | wakim the Ghoul Monk began the quest for the Orb.
     0 | D:1      | Reached XP level 1. HP: 19/19 MP: 0/0
    72 | D:1      | Reached XP level 2. HP: 26/26 MP: 1/1
   650 | D:1      | Reached skill level 4 in Unarmed Combat
   942 | D:1      | HP: 1/26 [hobgoblin (3)]
  1238 | D:1      | Reached XP level 3. HP: 8/33 MP: 2/2
  1598 | D:2      | Reached XP level 4. HP: 35/40 MP: 3/3
  2191 | D:2      | Reached skill level 5 in Unarmed Combat
  2444 | D:3      | Noticed Sigmund
  2872 | D:3      | Found a runed translucent door.
  2873 | D:3      | Noticed Crazy Yiuf
  2959 | D:3      | Found a blossoming altar of Fedhas.
  3125 | D:4      | Identified the +0 ring mail "Videihih" {Int+4 Stlth-}
  3202 | D:4      | Noticed a lemure
  3230 | D:4      | Killed a lemure
  3328 | D:4      | Noticed Pikel
  3413 | D:4      | Reached XP level 5. HP: 47/47 MP: 4/4
  3620 | D:4      | Found a runed translucent door.
  3622 | D:4      | Noticed Yorgos's ghost (novice DjBe)
  3744 | D:4      | Found a basalt altar of Yredelemnul.
  3764 | D:4      | Reached skill level 6 in Unarmed Combat
  3924 | D:4      | Reached XP level 6. HP: 42/55 MP: 5/5
  4116 | D:4      | Reached skill level 5 in Fighting
  4382 | D:4      | Killed Pikel
  4383 | D:4      | Reached skill level 8 in Unarmed Combat
  4383 | D:4      | Reached XP level 7. HP: 20/63 MP: 6/6
  4822 | D:5      | Entered Level 5 of the Dungeon
  4830 | D:4      | Reached XP level 8. HP: 71/71 MP: 7/7
  5107 | D:5      | Reached skill level 9 in Unarmed Combat
  5143 | D:5      | Found an ornate altar of the Wu Jian Council.
  5148 | D:5      | Found a radiant altar of Vehumet.
  5153 | D:5      | Found an opulent altar of Gozag.
  5443 | D:5      | Found a stormy altar of Qazlal.
  5753 | D:6      | Reached skill level 10 in Unarmed Combat
  6094 | D:6      | Reached XP level 9. HP: 80/80 MP: 8/8
  6203 | D:6      | Found a staircase to the Ecumenical Temple.
  6212 | Temple   | Entered the Ecumenical Temple
  6237 | Temple   | Became a worshipper of Makhleb the Destroyer
  6237 | Temple   | Reached * piety under Makhleb
  6237 | Temple   | Reached ** piety under Makhleb
  6675 | D:7      | Noticed Menkaure
  6682 | D:6      | Killed Menkaure
  6683 | D:6      | Reached skill level 1 in Invocations
  6781 | D:7      | Noticed a two-headed ogre
  6791 | D:7      | Noticed Maggie
  6810 | D:6      | Demolished by a two-headed ogre

Illustrated notes

Levels and vault maps discovered:
D:1:      enne_arrival_octagon_isle, layout_basic, minmay_misc_feat_room,
          nrook_mini_backslash
D:2:      layout_loops_ring
D:3:      layout_rooms, fedhas_altar_fruit_tree, serial_curves, eino_curves_03,
          eino_curves_04, uniq_sigmund, uniq_crazy_yiuf_cottage
D:4:      minmay_recursive_quarters, layout_loops_ring,
          nicolae_yredelemnul_corpse_copse, ebering_ghost_reflecting_pool,
          uniq_pikel
D:5:      layout_loops_ring, pf_just_have_faith,
          minmay_overflow_temple_star_quad
D:6:      layout_gridville, minmay_temple_entry_drinking_statues,
          kennysheep_path_1
D:7:      layout_cave_pods, elyvilon_altar_1, enter_ossuary_1, uniq_menkaure,
          uniq_joseph, uniq_maggie
Temple:   eino_wide_crystal_templ

Skill      XL: |  1  2  3  4  5  6  7  8  9 |
---------------+----------------------------+-----
Unarmed Combat | 4 5 6 8 10 | 10.6
Fighting       | 4 6 7 8 |  8.0
Dodging        | 3 |  3.5
Invocations    | 1 |  1.2
Stealth        | |  2.1

Action                   |  1- 3 |  4- 6 |  7- 9 || total
-------------------------+-------+-------+-------++-------
Melee: Unarmed           |    96 |   205 |   115 ||   416
       Punch             |     1 |     4 |     1 ||     6
Throw: Dart              |       |    11 |    17 ||    28
  Use: Scroll            |       |     4 |     6 ||    10
 Stab: Sleeping          |     4 |     8 |     2 ||    14
Armor: Robe              |    15 |     7 |       ||    22
       Leather armour    |       |    44 |    33 ||    77
Dodge: Dodged            |    65 |    98 |    89 ||   252

Table legend: (Time is in decaauts)
 A = Elapsed time spent in this place.
 B = Non-inter-level travel time spent in this place.
 C = Inter-level travel time spent in this place.
 D = Time resting spent in this place.
 E = Time spent auto-exploring this place.
 F = Levels seen in this place.
 G = Mean time per level.
                   A        B        C        D        E       F      G
               +--------+--------+--------+--------+--------+-----+--------+
         Total |   6771 |   6300 |    471 |   1652 |    688 |   8 |  846.4 |
       Dungeon |   6727 |   6274 |    453 |   1652 |    675 |   7 |  961.0 |
        Temple |     44 |     26 |     18 |      0 |     13 |   1 |   44.0 |
               +--------+--------+--------+--------+--------+-----+--------+

Top non-repeatable levels by time:
     D:4: 1729 daAuts
     D:1: 1460 daAuts
     D:2: 963 daAuts
     D:6: 911 daAuts
     D:5: 909 daAuts
     D:3: 649 daAuts
     D:7: 103 daAuts
  Temple: 44 daAuts
